 Dungeon Crawl Stone Soup version 0.27.0-1-g7a089689b8 (webtiles) character file.

Game seed: 1802442832933666087

15916 pkoi the Archer (level 12, -14/101 HPs)
             Began as a Minotaur Hunter on Aug 5, 2021.
             Was a Priest of Dithmenos.
             Demolished by a skeletal warrior (16 damage)
             ... led by a skeletal warrior
             ... on level 13 of the Dungeon.
             The game lasted 00:17:40 (12262 turns).

pkoi the Archer (Minotaur Hunter)                  Turns: 12262, Time: 00:17:40

Health: -14/101    AC: 16    Str: 27    XL:     12   Next: 5%
Magic:  11/11      EV: 13    Int: 12    God:    Dithmenos [***...]
Gold:   929        SH:  0    Dex: 12    Spells: 11/11 levels left

rFire    . . .     SeeInvis .     - Unarmed
rCold    . . .     Faith    .   (no shield)
rNeg     . . .     Spirit   .   n - +1 scale mail of the Bagpipe {*Slow Str+3 Slay+5}
rPois    +         Reflect  .   y - +1 hat
rElec    .         Harm     .   r - +0 cloak
rCorr    .         Rampage  .   h - +0 pair of gloves
Will     .....                  (no boots)
Stlth    ++++......             (no amulet)
HPRegen  0.26/turn              w - ring of Sora {rPois Str+3 Int+4 Stlth+}
MPRegen  0.12/turn              o - +4 ring of protection

@: wreathed by umbra
A: horns 2, retaliatory headbutt
a: Renounce Religion, Shadow Step


You were on level 13 of the Dungeon.
You worshipped Dithmenos.
Dithmenos was most pleased with you.
You visited 2 branches of the dungeon, and saw 14 of its levels.

You collected 2010 gold pieces.
You spent 1081 gold pieces at shops.

Inventory:

Hand Weapons
 a - a +0 vorpal longbow
 m - a +2 vorpal shortbow
Missiles
 d - 101 arrows
 z - 3 throwing nets
Armour
 h - a +0 pair of gloves (worn)
 n - the +1 scale mail of the Bagpipe (worn) {*Slow Str+3 Slay+5}
   (You found it on level 10 of the Dungeon)

   Str:       It affects your strength (+3).
   Slay:      It affects your accuracy & damage with ranged weapons and melee
   (+5).
   *Slow:     It may slow you when you take damage.
 q - the +4 ring mail of Privacy {rElec}
   (You found it on level 5 of the Dungeon)

   rElec:     It insulates you from electricity.
 r - a +0 cloak (worn)
 y - a +1 hat (worn)
Jewellery
 b - a ring of ice
 o - a +4 ring of protection (right hand)
 w - the ring of Sora (left hand) {rPois Str+3 Int+4 Stlth+}
   (You bought it in a shop on level 3 of the Dungeon)

   [ring of poison resistance]

   Str:       It affects your strength (+3).
   Int:       It affects your intelligence (+4).
   rPois:     It protects you from poison.
   Stlth:     It makes you more stealthy.
Wands
 c - a wand of acid (9)
 x - a wand of flame (17)
 A - a wand of iceblast (10)
Scrolls
 f - 7 scrolls of identify
 j - 9 scrolls of teleportation
 k - a scroll of summoning
 s - a scroll of fear
Potions
 e - 6 potions of curing
 g - 3 potions of flight
 i - a potion of resistance
 l - 3 potions of heal wounds
 p - 4 potions of might
 t - 2 potions of haste
 u - 2 potions of magic
 v - 3 potions of brilliance
 B - a potion of invisibility


   Skills:
 - Level 7.7 Fighting
 + Level 14.6 Bows
 - Level 7.1 Armour
 - Level 7.0 Dodging
 - Level 5.6 Stealth
 - Level 8.6 Unarmed Combat


You had 11 spell levels left.
You didn't know any spells.
Your spell library contained the following spells:

 Spells                   Type           Power      Damage    Failure   Level
 Animate Skeleton         Necr           0%         N/A       56%         1
 Foxfire                  Conj/Fire      0%         2x1d4     56%         1
 Magic Dart               Conj           0%         1d3       56%         1
 Pain                     Necr           0%         1d4       56%         1
 Summon Small Mammal      Summ           0%         N/A       56%         1
 Call Imp                 Summ           0%         N/A       71%         2
 Corpse Rot               Necr/Air       N/A        N/A       71%         2
 Poisonous Vapours        Pois/Air       0%         N/A       71%         2
 Call Canine Familiar     Summ           0%         N/A       90%         3
 Conjure Flame            Conj/Fire      0%         6-21      90%         3
 Inner Flame              Hex/Fire       0%         N/A       90%         3
 Mephitic Cloud           Conj/Pois/Air  0%         N/A       90%         3
 Portal Projectile        Hex/Tloc       0%         N/A       90%         3
 Summon Guardian Golem    Hex/Summ       0%         N/A       90%         3
 Vampiric Draining        Necr           0%         2d6       90%         3
 Hailstorm                Conj/Ice       0%         3d3       100%        4
 Ice Form                 Ice/Tmut       0%         N/A       100%        4
 Leda's Liquefaction      Hex/Erth       0%         N/A       100%        4
 Freezing Cloud           Conj/Ice/Air   0%         6-21      100%        5
 Dispersal                Tloc           0%         N/A       100%        6
 Simulacrum               Ice/Necr       0%         N/A       100%        6
 Disjunction              Tloc           0%         N/A       100%        8


Dungeon Overview and Level Annotations

Branches:
Dungeon (13/15)            Temple (1/1) D:4            Lair (0/6) D:10
    Orc (0/2) D:10
 Vaults: D:13-14

Altars:
Ashenzari
Cheibriados
Dithmenos
Elyvilon
Fedhas
Gozag
Hepliaklqana
Kikubaaqudgha
Makhleb
Nemelex Xobeh
Okawaru
Qazlal
Ru
Sif Muna
Trog
Uskayaw
Vehumet
Wu Jian
Xom
Yredelemnul
Zin
The Shining One

Shops:
D:3 =   D:5 ?   D:7 ((   D:12 *((!

Annotations:
D:6 3 runed translucent doors, mimimomo's ghost, amateur MfMo


Innate Abilities, Weirdness & Mutations

You have a pair of horns on your head.
You reflexively headbutt those who attack you in melee.


Message History

The skeletal warrior hits you with a +0 war axe!
* * * LOW HITPOINT WARNING * * *
Unknown command.
Fire: 104 arrows
Press: ? - help, Q - select action, (/) - cycle Shift-Dir - straight line, f/p - skeletal warrior
Aim: a skeletal warrior, wielding a +0 war axe (almost destroyed, umbra, 71% to hit)
You shoot an arrow.
The arrow hits the skeletal warrior but does no damage.
The skeletal warrior is almost destroyed.
The skeletal warrior hits you with a +0 war axe!
* * * LOW HITPOINT WARNING * * *
Fire: 103 arrows
Press: ? - help, Q - select action, (/) - cycle Shift-Dir - straight line, f/p - skeletal warrior
Aim: a skeletal warrior, wielding a +0 war axe (almost destroyed, umbra, 71% to hit)
You shoot an arrow.
The arrow closely misses the skeletal warrior.
The skeletal warrior misses you.
Fire: 102 arrows
Press: ? - help, Q - select action, (/) - cycle Shift-Dir - straight line, f/p - skeletal warrior
Aim: a skeletal warrior, wielding a +0 war axe (almost destroyed, umbra, 71% to hit)
You shoot an arrow.
The arrow hits the skeletal warrior but does no damage.
The skeletal warrior is almost destroyed.
You feel much better. The skeletal warrior barely misses you.
You are now empty-handed.
The skeletal warrior hits you with a +0 war axe!
* * * LOW HITPOINT WARNING * * *
You closely miss the skeletal warrior.
You headbutt the skeletal warrior, but do no damage.
The skeletal warrior is almost destroyed.
The skeletal warrior hits you with a +0 war axe!!
* * * LOW HITPOINT WARNING * * *
You barely miss the skeletal warrior.
The skeletal warrior is almost destroyed.
Unknown command.
Your scale mail of the Bagpipe prevents you from hitting the skeletal warrior.
You headbutt the skeletal warrior, but do no damage.
The skeletal warrior is almost destroyed.
The skeletal warrior hits you with a +0 war axe!
You die...

.......................
.......................(
........................
.....................(..
....................(...
...................(....
............<..........#
.................z(.##
................@((.#
.....................#
....[...............##
....................#
............#......##
......#..#.##
.$...#...## .. .##


You could see a skeletal warrior.

Vanquished Creatures
  A hydra (D:12)
  2 boulder beetles
  5 two-headed ogres
  A tengu warrior (D:12)
  A deep elf pyromancer (D:12)
  2 cyclopes
  A gargoyle (D:11)
  An unseen horror (D:11)
  A kobold demonologist (D:13)
  3 trolls
  Prince Ribbit (D:6)
  Grinder (D:5)
  A shadow (D:9)
  12 yaks
  3 wraiths (D:12)
  A basilisk (D:12)
  2 water moccasins
  2 orc warriors
  2 ice beasts
  A necrophage (D:7)
  2 ogres (D:5)
  5 wolves (D:10)
  A phantom (D:4)
  6 centaurs
  3 kobold brigands
  A bullfrog (D:8)
  A gnoll sergeant (D:9)
  4 scorpions
  A water moccasin skeleton (D:7)
  6 killer bees (D:8)
  3 wights (D:8)
  8 howler monkeys
  3 electric eels
  A bullfrog zombie (D:6)
  3 gnoll shamans
  2 centaur zombies
  2 orc priests
  4 hounds
  A bullfrog skeleton (D:5)
  11 orc wizards
  2 iguanas
  A hound zombie (D:5)
  A howler monkey zombie (D:10)
  20 gnolls
  8 adders
  A shadow imp (D:5)
  A white imp (D:7)
  An ufetubus (D:5)
  An adder skeleton (D:4)
  6 worms
  2 dart slugs
  34 orcs
  5 ball pythons
  9 endoplasms
  3 giant cockroaches
  5 hobgoblins
  3 jackals (D:4)
  4 quokkas
  3 training dummies (D:7)
  9 bats
  7 goblins
  22 kobolds
  4 rats
  A spectral hobgoblin (D:1)
265 creatures vanquished.

Notes
Turn   | Place    | Note
-------+----------+-------------------------------------------
     0 | D:1      | pkoi the Minotaur Hunter began the quest for the Orb.
     0 | D:1      | Reached XP level 1. HP: 18/18 MP: 0/0
    35 | D:1      | Found a faded altar of an unknown god.
   260 | D:1      | Reached skill level 1 in Unarmed Combat
   276 | D:1      | Reached XP level 2. HP: 25/25 MP: 1/1
   658 | D:1      | Reached skill level 5 in Bows
   658 | D:1      | Reached XP level 3. HP: 30/30 MP: 2/2
  1461 | D:2      | Reached XP level 4. HP: 37/37 MP: 3/3
  2048 | D:3      | Found Ruzusch's Jewellery Shoppe.
  2595 | D:4      | Reached XP level 5. HP: 42/42 MP: 4/4
  2637 | D:4      | Noticed a phantom
  2658 | D:4      | Killed a phantom
  2659 | D:4      | Reached skill level 6 in Bows
  2945 | D:4      | Reached XP level 6. HP: 50/50 MP: 5/5
  3058 | D:4      | Found a staircase to the Ecumenical Temple.
  3072 | Temple   | Entered the Ecumenical Temple
  3231 | Temple   | Became a worshipper of Dithmenos the Shadowed
  3547 | D:4      | Reached skill level 5 in Unarmed Combat
  3938 | D:5      | Entered Level 5 of the Dungeon
  3938 | D:5      | Found Iskethruho's Magic Scroll Shoppe.
  3962 | D:5      | Reached skill level 7 in Bows
  4155 | D:5      | Identified the +1 chain mail of the Moon {-Tele rPois
                  | Regen+ Int-4}
  4280 | D:5      | Reached XP level 7. HP: 49/56 MP: 6/6
  4305 | D:5      | Identified the +4 ring mail of Privacy {rElec}
  4388 | D:5      | Noticed Grinder
  4403 | D:5      | Paralysed by Grinder for 3 turns
  4410 | D:5      | Killed Grinder
  4411 | D:5      | Reached skill level 1 in Armour
  4411 | D:5      | Reached skill level 1 in Stealth
  4964 | D:6      | Found a runed translucent gate.
  4964 | D:6      | Found a runed translucent gate.
  4964 | D:6      | Found a runed translucent gate.
  4964 | D:6      | Noticed mimimomo's ghost (amateur MfMo)
  5045 | D:6      | Reached XP level 8. HP: 66/66 MP: 7/7
  5174 | D:6      | Noticed a kobold demonologist
  5312 | D:6      | Noticed Prince Ribbit
  5320 | D:6      | Killed Prince Ribbit
  5506 | D:6      | Reached skill level 8 in Bows
  5680 | D:6      | Reached * piety under Dithmenos
  5901 | D:7      | Reached skill level 5 in Fighting
  6140 | D:7      | Reached XP level 9. HP: 74/74 MP: 8/8
  6141 | D:7      | Identified a scroll of acquirement
  6141 | D:7      | Acquired 753 gold pieces
  6296 | D:7      | Found Holailiz's Firing Range.
  6373 | D:7      | Found a blossoming altar of Fedhas.
  6411 | D:7      | Found Rieres's Antique Weapon Emporium.
  6809 | D:3      | Bought the ring of Sora {rPois Str+3 Int+4 Stlth+} for 445
                  | gold pieces
  6873 | D:5      | Bought a scroll of brand weapon for 260 gold pieces
  6947 | D:7      | Bought a +0 longbow for 54 gold pieces
  6986 | D:7      | Reached skill level 5 in Dodging
  7530 | D:8      | Reached ** piety under Dithmenos
  7531 | D:8      | Reached skill level 5 in Armour
  8133 | D:9      | Reached skill level 9 in Bows
  8208 | D:9      | Acquired 692 gold pieces
  8335 | D:9      | Reached XP level 10. HP: 68/84 MP: 9/9
  8900 | D:10     | Entered Level 10 of the Dungeon
  8911 | D:10     | Reached skill level 5 in Stealth
  8919 | D:10     | Reached *** piety under Dithmenos
  8995 | D:10     | Found a staircase to the Lair.
  9158 | D:10     | Identified the +1 scale mail of the Bagpipe {*Slow Str+3
                  | Slay+5}
  9159 | D:10     | Found a staircase to the Orcish Mines.
  9198 | D:10     | Noticed a two-headed ogre
  9202 | D:10     | Killed a two-headed ogre
  9512 | D:10     | Noticed a two-headed ogre
  9515 | D:10     | Killed a two-headed ogre
  9625 | D:11     | Reached skill level 10 in Bows
  9662 | D:11     | Noticed a cyclops
  9665 | D:11     | Killed a cyclops
  9861 | D:11     | Noticed a two-headed ogre
  9865 | D:11     | Killed a two-headed ogre
  9866 | D:11     | Reached XP level 11. HP: 93/93 MP: 10/10
  9952 | D:11     | Reached skill level 11 in Bows
 10037 | D:11     | Found an iron altar of Okawaru.
 10554 | D:12     | Noticed a boulder beetle
 10571 | D:12     | Killed a boulder beetle
 10572 | D:12     | Reached skill level 12 in Bows
 10896 | D:12     | Noticed a two-headed ogre
 10901 | D:12     | Killed a two-headed ogre
 10991 | D:12     | Noticed an eight-headed hydra
 10996 | D:12     | Killed an eight-headed hydra
 10997 | D:12     | Reached skill level 13 in Bows
 11032 | D:12     | Found Neurch's General Store.
 11099 | D:12     | Found Yheiz's Distillery.
 11131 | D:12     | Bought a potion of invisibility for 112 gold pieces
 11131 | D:12     | Bought a potion of curing for 42 gold pieces
 11131 | D:12     | Bought a potion of might for 56 gold pieces
 11131 | D:12     | Bought a potion of mutation for 112 gold pieces
 11209 | D:12     | Noticed a deep elf pyromancer
 11213 | D:12     | Killed a deep elf pyromancer
 11377 | D:12     | Found Hucweydon's Antique Weapon Boutique.
 11469 | D:12     | Found Ogaiwaxe's Weapon Shoppe.
 11527 | D:13     | Noticed a tengu warrior
 11541 | D:12     | Killed a tengu warrior
 11542 | D:12     | Reached skill level 14 in Bows
 12057 | D:13     | Noticed a two-headed ogre
 12060 | D:13     | Killed a two-headed ogre
 12104 | D:13     | Noticed a boulder beetle
 12117 | D:13     | Killed a boulder beetle
 12118 | D:13     | Reached XP level 12. HP: 70/101 MP: 11/11
 12260 | D:13     | HP: 2/101 [skeletal warrior[a skeletal warrior] (22)]
 12262 | D:13     | Demolished by a skeletal warrior

Illustrated notes

Levels and vault maps discovered:
D:1:      amcnicky_arrival_flooded_fountain, layout_loops_ring,
          dreamdust_ecumenical_altar_drowned_temple, minmay_pentomino_q4
D:2:      layout_rooms, lightli_corner_chamber
D:3:      layout_basic, serial_shops, nicolae_square_shop
D:4:      layout_basic, minmay_temple_entry_sparse_star, bh_walls_and_bars
D:5:      layout_loops_cross, serial_shops, shop_scrolls, uniq_grinder
D:6:      layout_loops_ring, gammafunk_ghost_nasty_kobolds, minivault_25,
          kennysheep_generic_room_9, uniq_prince_ribbit1
D:7:      layout_cave_pools, nicolae_overflow_hidden_temple, serial_shops,
          shop_fountains, minmay_misc_feat_ornament, nicolae_sextant,
          nicolae_shop_firing_range
D:8:      layout_basic
D:9:      layout_irregular_city
D:10:     layout_loops_ring, erik_lair_island, orc_0_dummy
D:11:     layout_roguey, okawaru_trees_2
D:12:     layout_roguey, serial_shops, kennysheep_mini_moat, nicolae_shop_trees,
          nicolae_shop_waterfront, nicolae_shop_competitors_out_of_business
D:13:     layout_big_octagon, david_vaults_2
Temple:   kilobyte_greek_temple

Skill      XL: |  1  2  3  4  5  6  7  8  9 10 11 |
---------------+----------------------------------+-----
Unarmed Combat | 1 2 3 4 5 6 7 8 |  8.6
Bows           | 5 6 7 8 9 10 14 | 14.6
Fighting       | 3 5 6 7 |  7.7
Armour         | 2 4 5 7 |  7.1
Stealth        | 2 3 4 5 |  5.6
Dodging        | 3 4 5 7 |  7.0

Action                   |  1- 3 |  4- 6 |  7- 9 | 10-12 || total
-------------------------+-------+-------+-------+-------++-------
Melee: Unarmed           |       |       |    24 |     6 ||    30
       Headbutt          |       |       |     5 |     2 ||     7
 Fire: Shortbow          |   120 |   159 |   178 |       ||   457
       Longbow           |       |       |   129 |   235 ||   364
  Use: Scroll            |     4 |     2 |    14 |     2 ||    22
       Potion            |       |       |       |     2 ||     2
Armor: Leather armour    |     6 |    29 |       |       ||    35
       Ring mail         |       |       |    94 |     5 ||    99
       Scale mail        |       |       |       |    58 ||    58
Dodge: Dodged            |    14 |    52 |   128 |    48 ||   242
